 Dungeon Crawl Stone Soup version 0.32-a0-918-g0f22ef8d61 (webtiles) character file.

Game seed: 9556813058439739015

529 HilariousDeathArtist the Trooper (level 7, -1/61 HPs)
             Began as a Mountain Dwarf Hunter on Apr 10, 2024.
             Slain by a wraith (9 damage)
             ... on level 5 of the Dungeon.
             The game lasted 00:02:21 (2893 turns).

HilariousDeathArtist the Trooper (MDHu)             Turns: 2893, Time: 00:02:22

Health: -1/61      AC:  3    Str: 13    XL:     7   Next: 3%
Magic:  7/7        EV: 10    Int: 10    God:
Gold:   171        SH:  0    Dex: 15    Spells: 6/6 levels left

rFire   . . .        a - +8 trident of the Octopus King {venom, rElec rPois}
rCold   . . .        (no shield)
rNeg    . . .        c - +0 leather armour
rPois   +            (no helmet)
rElec   +            (no cloak)
rCorr   .            (no gloves)
SInv    .            (no boots)
Will    .....        (no amulet)
Stlth   +            (no ring)
HPRegen 0.30/turn    (no ring)
MPRegen 0.10/turn

%: no passive effects
@: slowed, very slow
A: runic magic, artefact enchanting
a: no special abilities


You were on level 5 of the Dungeon.
You visited 1 branch of the dungeon, and saw 5 of its levels.

You collected 171 gold pieces.

Inventory:

Hand Weapons
 a - the +8 trident of the Octopus King (weapon) {venom, rElec rPois}
   (You found it on level 2 of the Dungeon)

   rElec:     It insulates you from electricity.
   rPois:     It protects you from poison.
 h - a +0 shortbow
Missiles
 f - 3 javelins
 s - 5 stones
 t - a boomerang
Armour
 c - a +0 leather armour (worn)
 g - an orb of mayhem
   (You found it on level 2 of the Dungeon)
 n - a +0 pair of boots
   (You found it on level 2 of the Dungeon)
Jewellery
 C - a ring of protection from cold {rC+, !d}
   (You found it on level 3 of the Dungeon)
Scrolls
 b - a scroll of butterflies
 e - a scroll of amnesia {unknown}
 i - 4 scrolls of identify {unknown}
 j - a scroll of blinking {unknown}
 k - 2 scrolls of teleportation {unknown}
 l - a scroll of fear {unknown}
 m - a scroll of immolation {unknown}
 r - 2 scrolls of enchant weapon {unknown}
Potions
 o - 2 potions of enlightenment {unknown}
 p - a potion of lignification {unknown}
 q - 2 potions of cancellation {unknown}
 J - 2 potions of curing {@q1}


   Skills:
 + Level 5.6 Fighting
 + Level 4.5 Polearms
 - Level 4.2 Ranged Weapons
 - Level 1.3 Dodging
 - Level 0.6 Stealth


You had 6 spell levels left.
You didn't know any spells.
Your spell library contained the following spells:

 Spells                   Type           Power      Damage    Failure   Level
 Stone Arrow              Conj/Erth      0%         3d7       75%         3
 Animate Armour           Summ/Erth      0%         N/A       98%         4
 Lehudib's Crystal Spear  Conj/Erth      0%         10d2      100%        8


Dungeon Overview and Level Annotations

Branches:
Dungeon (5/15)
 Temple: D:4-7

Altars:
Sif Muna


Innate Abilities, Weirdness & Mutations

Your spellcasting is much less encumbered by armour.
You can use scrolls of enchantment on lesser artefacts.


Message History

An ogre is nearby!
The ogre shouts!
You reach to attack!
You closely miss the ogre. You hit the ogre.
The ogre is poisoned.
The ogre closely misses you.
You puncture the ogre!
The ogre looks as sick as possible!
The ogre hits you with a +0 giant spiked club!!
Ouch! That really hurt!
You take 30 damage, and have 26/56 hp.
MASSIVE DAMAGE!!
You are too injured to fight recklessly!
You are too injured to fight recklessly!
You hit the ogre.
The ogre looks as sick as possible!
The ogre closely misses you.
You hit the ogre.
You kill the ogre!
Things that are here:
a +0 giant spiked club; an ogre corpse
i - 4 scrolls labelled PEESSITOYF (gained 1)
An endoplasm comes into view.
The endoplasm quivers.
Health restored: 56 An endoplasm is nearby!
An endoplasm is nearby!
You reach to attack!
You puncture the endoplasm!
You kill the endoplasm!
No target in view!
No target in view!
Things that are here:
a +0 giant spiked club; an ogre corpse An iguana comes into view.
An iguana is nearby!
You reach to attack!
You hit the iguana.
The iguana is poisoned.
You hit the iguana.
The iguana looks as sick as possible!
The iguana hisses menacingly.
The iguana bites you.
You take 3 damage, and have 53/56 hp.
You hit the iguana.
You kill the iguana!
You have reached level 7!
You regained 5 hp, and now have 58/61 hp.
MP restored: 7
r - 2 scrolls labelled QOGGOAQITE (gained 1)
You see here a +0 plate armour.
You see here a ball python skeleton.
Done exploring.
Health restored: 61 Done exploring.
No target in view!
No target in view!
Done exploring.
Done exploring.
No target in view!
Okay, then.
Done exploring.
No target in view!
There is a stone staircase leading up here.
There is a stone staircase leading down here.
You climb downwards.
There is a stone staircase leading up here.
A wraith is nearby!
You reach to attack!
You puncture the wraith! You hit the wraith. The wraith barely misses you.
You hit the wraith but do no damage. The wraith hits you!
The wraith drains your vigour!
You feel yourself slow down.
You take 8 damage, and have 53/61 hp.
You barely miss the wraith. The wraith barely misses you.
You barely miss the wraith. The wraith hits you! The wraith drains your vigour!
You feel as though you will be slow longer.
The wraith misses you.
You take 10 damage, and have 43/61 hp.
You hit the wraith. The wraith hits you! The wraith hits you.
You take 15 damage, and have 28/61 hp.
MASSIVE DAMAGE!!
You are too injured to fight recklessly!
You closely miss the wraith. The wraith barely misses you.
You hit the wraith.
The wraith hits you. x2; The wraith drains your vigour!
You feel as though you will be slow longer.
You take 8 damage, and have 21/61 hp.
You hit the wraith but do no damage. The wraith barely misses you.
The wraith closely misses you.
You closely miss the wraith. The wraith barely misses you.
You hit the wraith but do no damage. The wraith hits you!
* * * LOW HITPOINT WARNING * * *
The wraith hits you!
* * * LOW HITPOINT WARNING * * *
The wraith drains your vigour!
You feel as though you will be slow longer.
You take 18 damage, and have 4/61 hp.
MASSIVE DAMAGE!!
It was a potion of curing.
You feel better.
J - 3 potions of curing The wraith barely misses you.
You regained 6 hp, and now have 10/61 hp.
You feel better. The wraith hits you!
* * * LOW HITPOINT WARNING * * *
The wraith drains your vigour!
You feel as though you will be slow longer.
The wraith hits you!
You die...

#..... ##.....
....... .......
....!.. .......
.......########
#...@.....:.
#....W......
#...........
#...........
#...........
#...........
#...........
#...........


You could see a wraith.

Vanquished Creatures
  A sky beast (D:4)
  An ogre (D:4)
  A scorpion (D:4)
  A hound (D:2)
  A jelly (D:4)
  3 iguanas (D:4)
  7 adders
  3 ribbon worms (D:2)
  A dart slug (D:3)
  3 orcs
  6 bats
  10 endoplasms
  3 giant cockroaches
  3 goblins
  8 hobgoblins
  7 jackals
  4 kobolds
  2 quokkas (D:1)
  5 ball pythons
  4 frilled lizards
  2 rats (D:3)
76 creatures vanquished.

Notes
Turn   | Place    | Note
-------+----------+-------------------------------------------
     0 | D:1      | HilariousDeathArtist the Mountain Dwarf Hunter began the
                  | quest for the Orb.
     0 | D:1      | Reached XP level 1. HP: 17/17 MP: 1/1
    85 | D:1      | Reached XP level 2. HP: 24/24 MP: 2/2
   187 | D:1      | Reached skill level 4 in Ranged Weapons
   682 | D:1      | Reached XP level 3. HP: 29/29 MP: 3/3
   797 | D:2      | Found the +8 trident of the Octopus King {venom, rElec
                  | rPois}
   917 | D:2      | Reached skill level 1 in Polearms
   955 | D:2      | Reached skill level 3 in Fighting
   955 | D:2      | Reached XP level 4. HP: 36/38 MP: 4/4
  1323 | D:3      | Reached skill level 2 in Polearms
  1411 | D:3      | Found a shimmering blue altar of Sif Muna.
  1532 | D:3      | Reached XP level 5. HP: 42/45 MP: 5/5
  2158 | D:4      | Noticed a sky beast
  2163 | D:4      | Killed a sky beast
  2164 | D:4      | Reached skill level 4 in Fighting
  2164 | D:4      | Reached skill level 3 in Polearms
  2164 | D:4      | Reached XP level 6. HP: 53/53 MP: 6/6
  2436 | D:4      | Reached skill level 5 in Fighting
  2471 | D:4      | Reached skill level 4 in Polearms
  2775 | D:4      | Reached XP level 7. HP: 58/61 MP: 7/7
  2880 | D:5      | Entered Level 5 of the Dungeon
  2880 | D:5      | Noticed a wraith
  2891 | D:5      | HP: 15/61 [wraith (7)]
  2891 | D:5      | HP: 4/61 [wraith (11)]
  2893 | D:5      | Slain by a wraith

Illustrated notes

Levels and vault maps discovered:
D:1:      roadster_arrival_rocket_small, layout_basic, hex_tiny
D:2:      layout_rooms
D:3:      layout_basic, nicolae_sif_muna_little_library, dk_noncrumbling_4,
          minmay_misc_feat_x, minmay_pentangle
D:4:      layout_loops_ring
D:5:      layout_gridville, tgw_trog, uniq_menkaure

Skill      XL: |  1  2  3  4  5  6 |
---------------+-------------------+-----
Ranged Weapons | 4 |  4.2
Polearms       | 1 2 3 4 |  4.5
Fighting       | 3 4 5 |  5.6
Dodging        | |  1.3
Stealth        | |  0.6

Action                     |  1- 3 |  4- 6 |  7- 9 || total
---------------------------+-------+-------+-------++-------
  Melee: Trident           |    21 |    91 |    11 ||   123
   Fire: Shortbow          |    90 |       |       ||    90
  Throw: Stone             |     6 |    11 |       ||    17
         Boomerang         |       |     6 |       ||     6
    Use: Potion            |       |       |     2 ||     2
   Stab: Sleeping          |       |     7 |       ||     7
 Armour: Leather armour    |    29 |    33 |    10 ||    72
  Dodge: Dodged            |    31 |    26 |     8 ||    65

Table legend: (Time is in decaauts)
 A = Elapsed time spent in this place.
 B = Non-inter-level travel time spent in this place.
 C = Inter-level travel time spent in this place.
 D = Time resting spent in this place.
 E = Time spent auto-exploring this place.
 F = Levels seen in this place.
 G = Mean time per level.
                   A        B        C        D        E       F      G
               +--------+--------+--------+--------+--------+-----+--------+
         Total |   2944 |   2883 |     61 |      0 |   2423 |   5 |  588.8 |
       Dungeon |   2944 |   2883 |     61 |      0 |   2423 |   5 |  588.8 |
               +--------+--------+--------+--------+--------+-----+--------+

Top non-repeatable levels by time:
     D:4: 833 daAuts
     D:1: 780 daAuts
     D:3: 754 daAuts
     D:2: 557 daAuts
     D:5: 18 daAuts

Levels and vault maps discovered:
D:1:      roadster_arrival_rocket_small, layout_basic, hex_tiny
D:2:      layout_rooms
D:3:      layout_basic, nicolae_sif_muna_little_library, dk_noncrumbling_4,
          minmay_misc_feat_x, minmay_pentangle
D:4:      layout_loops_ring
D:5:      layout_gridville, tgw_trog, uniq_menkaure

Table legend: (Time is in decaauts)
 A = Elapsed time spent in this place.
 B = Non-inter-level travel time spent in this place.
 C = Inter-level travel time spent in this place.
 D = Time resting spent in this place.
 E = Time spent auto-exploring this place.
 F = Levels seen in this place.
 G = Mean time per level.
                   A        B        C        D        E       F      G
               +--------+--------+--------+--------+--------+-----+--------+
         Total |   2944 |   2883 |     61 |      0 |   2423 |   5 |  588.8 |
       Dungeon |   2944 |   2883 |     61 |      0 |   2423 |   5 |  588.8 |
               +--------+--------+--------+--------+--------+-----+--------+

Top non-repeatable levels by time:
     D:4: 833 daAuts
     D:1: 780 daAuts
     D:3: 754 daAuts
     D:2: 557 daAuts
     D:5: 18 daAuts

Table legend:
 A = Kills in this place as a percentage of kills in the entire game.
 B = Kills by you in this place as a percentage of kills by you in the entire game.
 C = Kills by friends in this place as a percentage of kills by friends in the entire game.
 D = Other kills in this place as a percentage of other kills in the entire game.
 E = Experience gained in this place as a percentage of experience gained in the entire game.
 F = Experience gained in this place divided by the number of levels of this place that you have seen.
                   A       B       C       D       E      F
               +-------+-------+-------+-------+-------+----------------------
         Total | 100.0 | 100.0 |   N/A |   N/A | 100.0 | 151.4
       Dungeon | 100.0 | 100.0 |   N/A |   N/A | 100.0 | 151.4
               +-------+-------+-------+-------+-------+----------------------
